 Dungeon Crawl Stone Soup version 0.31-a0-155-gb63f529262 (webtiles) character file.

Game seed: 1052291995480063687

9185 Gargoyl the Cleaver (level 11, -3/74 HPs)
             Began as a Gargoyle Berserker on June 12, 2023.
             Was a Priest of Trog.
             Slain by a komodo dragon (22 damage)
             ... on level 10 of the Dungeon.
             The game lasted 00:11:04 (8611 turns).

Gargoyl the Cleaver (Gargoyle Berserker)            Turns: 8611, Time: 00:11:05

Health: -3/74      AC: 23    Str: 21    XL:     11   Next: 42%
Magic:  11/11      EV: 13    Int:  8    God:    Trog [***...]
Gold:   313        SH:  0    Dex: 13    Spells: 10/10 levels left

rFire   + . .        n - +0 broad axe
rCold   . . .        (no shield)
rNeg    + . .        p - +0 acid dragon scales
rPois   ∞            (no helmet)
rElec   +            f - +2 cloak
rCorr   +            (no gloves)
SInv    .            (no boots)
Will    +++..        y - amulet "Jyts" {Acrobat rF+}
Stlth   ++           h - ring of willpower
HPRegen 1.32/turn    d - +4 ring of protection
MPRegen 0.12/turn

%: acrobat
@: strong-willed, on berserk cooldown, regenerating, slowed, studying Fighting,
very slow
A: sickness immunity, AC +8, negative energy resistance 1, electricity
resistance, torment resistance 1, petrification resistance
a: Renounce Religion, Berserk, Trog's Hand


You were on level 10 of the Dungeon.
You worshipped Trog.
Trog was most pleased with you.
You visited 1 branch of the dungeon, and saw 10 of its levels.

You collected 389 gold pieces.
You spent 76 gold pieces at shops.

Inventory:

Hand Weapons
 a - a +1 hand axe
 n - a +0 broad axe (weapon)
Missiles
 m - 9 poisoned darts (quivered)
Armour
 f - a +2 cloak (worn)
 p - +0 acid dragon scales (worn)
Jewellery
 d - a +4 ring of protection (right hand)
 h - a ring of willpower (left hand)
 y - the amulet "Jyts" (around neck) {Acrobat rF+}
   (You acquired it on level 9 of the Dungeon)

   [amulet of the acrobat]

   It increases your evasion while moving and waiting.
   rF:        It protects you from fire.
 B - a +4 ring of protection
Wands
 k - a wand of mindburst (10)
 q - a wand of flame (18)
 r - a wand of iceblast (5)
 z - a wand of digging (7)
Scrolls
 e - a scroll of enchant armour
 g - 8 scrolls of teleportation
 t - a scroll of magic mapping
 x - a scroll of poison
 A - a scroll of identify
 D - a scroll of fear {unknown}
Potions
 b - a potion of magic
 c - 2 potions of heal wounds
 i - 3 potions of ambrosia
 j - a potion of lignification {unknown}
 l - 3 potions of mutation {unknown}
 o - a potion of curing
 s - 3 potions of resistance
 u - 2 potions of degeneration {unknown}
 v - a potion of enlightenment {unknown}
 w - a potion of brilliance {unknown}
 C - a potion of haste {unknown}


   Skills:
 + Level 11.3 Fighting
 + Level 12.1 Axes
 + Level 8.1 Armour
 + Level 4.7 Dodging
 + Level 2.4 Stealth


You had 10 spell levels left.
You didn't know any spells.
Your spell library was empty.

Dungeon Overview and Level Annotations

Branches:
Dungeon (10/15)            Temple (0/1) D:5
   Lair: D:8-11         Orc: D:9-12

Altars:
Dithmenos
Elyvilon
Hepliaklqana
Kikubaaqudgha
Makhleb
Nemelex Xobeh
Qazlal
Ru
Vehumet
Xom
The Shining One

Shops:
D:1 =?(   D:5 (

Annotations:
D:3 3 runed translucent doors, Tolsthunder's ghost, amateur GrEE


Innate Abilities, Weirdness & Mutations

You are immune to sickness and miasma.
Your stone body is resilient. (AC +8)
You are immune to poison.
You resist negative energy. (rN+)
You are resistant to electric shocks. (rElec)
You are resistant to unholy torment.
You are immune to petrification.


Message History

The wraith closely misses you. The wraith hits you but does no damage.
Unknown command.
You slash the wraith!
You destroy the wraith!
Trog accepts your kill.
You hit the wraith but do no damage. You hit the komodo dragon.
The komodo dragon bites you but does no damage.
The wraith barely misses you.
The orc priest casts a cantrip, but nothing happens.
You slash the orc priest!
The orc priest is almost dead.
You barely miss the wraith. You slash the komodo dragon!
The komodo dragon bites you! The orc priest closely misses you.
The orc priest calls down the wrath of Beogh upon you.
Beogh smites you! The wraith hits you but does no damage.
Unknown command.
You slash the orc priest!
You kill the orc priest!
Trog accepts your kill.
You hit the wraith but do no damage. You completely miss the komodo dragon.
You are no longer berserk.
You are exhausted.
You feel as though you will be slow longer.
The komodo dragon bites you!! The warg closely misses you.
The wraith hits you but does no damage.
A yak comes into view.
The yak bellows!
You slash the warg!
The warg is moderately wounded.
You closely miss the wraith. You barely miss the komodo dragon.
You hear a shout! x2
The warg misses you. The komodo dragon barely misses you.
A yak comes into view.
The wraith barely misses you. The warg closely misses you.
The komodo dragon bites you! The warg misses you.
The orc priest mumbles some strange prayers to Beogh against you.
Beogh smites you!
* * * LOW HITPOINT WARNING * * *
The wraith barely misses you. The komodo dragon bites you!!
You die...

###
...
#.#
#.#
#W# #
#W#
#.#W#
#.h@#
#.#l#
.o
#.#
...
#.#
P..
#.#
..
#.. #
###


You could see a komodo dragon, 3 wraiths, a warg and an orc priest.

Vanquished Creatures
  Josephine (D:10)
  The ghost of Zigma the Grappler, a novice DrMo of Yredelemnul (D:9)
  Pikel (D:6)
  Joseph (D:7)
  Maurice (D:8)
  Maggie (D:7)
  The ghost of goupaloupa the Chopper, an amateur DsFi (D:4)
  2 hornets
  2 wraiths
  A wyvern (D:9)
  5 yaks (D:8)
  5 steam dragons
  Duvessa (D:7)
  A water moccasin (D:9)
  An acid dragon (D:9)
  2 orc warriors (D:8)
  2 sky beasts
  An ice beast (D:8)
  5 ogres
  2 centaurs
  2 lemures
  A kobold brigand (D:9)
  12 bullfrogs
  A gnoll sergeant (D:8)
  2 scorpions (D:7)
  18 wights
  Dowan (D:7)
  2 killer bees (D:9)
  2 hounds
  A jelly (D:4)
  7 orc priests
  Crazy Yiuf (D:4)
  A sleepcap (D:6)
  6 iguanas
  2 orc wizards
  4 gnolls
  6 adders
  3 shadow imps
  3 white imps
  An ufetubus (D:6)
  4 dart slugs
  16 orcs
  3 endoplasms
  2 giant cockroaches
  8 goblins
  10 hobgoblins
  4 jackals (D:2)
  2 quokkas
  8 ball pythons
  9 bats
  3 frilled lizards
  12 kobolds
  8 rats
202 creatures vanquished.

Vanquished Creatures (others)
  A killer bee (D:9)
1 creature vanquished.

Grand Total: 203 creatures vanquished

Notes
Turn   | Place    | Note
-------+----------+-------------------------------------------
     0 | D:1      | Gargoyl the Gargoyle Berserker began the quest for the Orb.
     0 | D:1      | Reached XP level 1. HP: 14/14 MP: 1/1
   126 | D:1      | Reached XP level 2. HP: 10/19 MP: 2/2
   136 | D:1      | Reached skill level 3 in Axes
   137 | D:1      | HP: 1/28 [kobold/+0 dagger (1)]
   505 | D:1      | Found Baode's Magic Scroll Shop.
   519 | D:1      | Reached XP level 3. HP: 15/24 MP: 3/3
   595 | D:1      | Found Uduam's Antique Weapon Shoppe.
   668 | D:1      | Found Vovvuoq's Jewellery Emporium.
   772 | D:2      | Found a radiant altar of Vehumet.
  1001 | D:2      | Reached ** piety under Trog
  1416 | D:3      | Reached XP level 4. HP: 29/29 MP: 4/4
  1591 | D:3      | Found a runed translucent gate.
  1755 | D:3      | Found a runed translucent gate.
  1755 | D:3      | Found a runed translucent gate.
  1755 | D:3      | Noticed Tolsthunder's ghost (amateur GrEE)
  1925 | D:3      | Reached skill level 4 in Axes
  1925 | D:3      | Reached XP level 5. HP: 26/33 MP: 5/5
  2175 | D:4      | Found a sacrificial altar of Ru.
  2286 | D:4      | Reached *** piety under Trog
  2564 | D:4      | Reached XP level 6. HP: 39/39 MP: 6/6
  2569 | D:4      | Reached skill level 5 in Axes
  2607 | D:3      | Reached XP level 7. HP: 37/44 MP: 7/7
  3306 | D:4      | Found a transporter.
  3308 | D:4      | Noticed goupaloupa's ghost (amateur DsFi)
  3309 | D:4      | Identified the +8 giant club "Death Rattle" {heavy, Will+
                  | Str+4}
  3755 | D:4      | Found a runed translucent door.
  3756 | D:4      | Noticed Crazy Yiuf
  3785 | D:4      | Killed Crazy Yiuf
  3786 | D:4      | Reached skill level 6 in Axes
  3826 | D:5      | Entered Level 5 of the Dungeon
  3920 | D:4      | Found a transporter.
  3933 | D:4      | Reached skill level 5 in Fighting
  3935 | D:4      | Reached XP level 8. HP: 36/49 MP: 8/8
  3951 | D:4      | Killed goupaloupa's ghost
  3952 | D:4      | Reached skill level 5 in Armour
  4075 | D:5      | Found Darerasu's Antique Weapon Emporium.
  4083 | D:5      | Bought a broad axe for 76 gold pieces
  4136 | D:5      | Found a staircase to the Ecumenical Temple.
  4152 | D:5      | Reached skill level 7 in Axes
  4216 | D:5      | Found a stormy altar of Qazlal.
  4254 | D:5      | Found a white marble altar of Elyvilon.
  4255 | D:5      | Identified a scroll of acquirement
  4255 | D:5      | Acquired a manual of Fighting
  4260 | D:5      | Found a shimmering altar of Xom.
  4262 | D:5      | Found a glowing golden altar of the Shining One.
  4262 | D:5      | Found a sparkling altar of Nemelex Xobeh.
  4264 | D:5      | Found a shadowy altar of Dithmenos.
  4264 | D:5      | Found an ancient bone altar of Kikubaaqudgha.
  4265 | D:5      | Found a hazy altar of Hepliaklqana.
  4268 | D:5      | Found a burning altar of Makhleb.
  4327 | D:5      | Found a radiant altar of Vehumet.
  4917 | D:6      | Reached skill level 1 in Stealth
  5404 | D:6      | Reached XP level 9. HP: 51/55 MP: 9/9
  5808 | D:7      | Reached skill level 8 in Axes
  5814 | D:7      | Noticed Pikel
  5841 | D:6      | Killed Pikel
  6029 | D:7      | Noticed Maggie
  6042 | D:7      | Reached skill level 9 in Axes
  6055 | D:7      | Killed Maggie
  6103 | D:7      | You fall into a shaft and drop 1 floor!
  6144 | D:8      | Reached XP level 10. HP: 64/64 MP: 10/10
  6246 | D:8      | Noticed Maurice
  6266 | D:8      | Killed Maurice
  6836 | D:8      | Reached skill level 10 in Axes
  7122 | D:7      | Noticed Joseph
  7137 | D:7      | Killed Joseph
  7227 | D:7      | Noticed Duvessa
  7231 | D:7      | Noticed Dowan
  7252 | D:7      | Killed Duvessa
  7259 | D:7      | Killed Dowan
  7448 | D:7      | Reached skill level 11 in Axes
  7452 | D:7      | Reached skill level 10 in Fighting
  7741 | D:9      | Found a large runed translucent door.
  7742 | D:9      | Found a large runed translucent door.
  7755 | D:9      | Acquired the amulet "Jyts" {Acrobat rF+}
  7805 | D:9      | Reached XP level 11. HP: 66/73 MP: 11/11
  8388 | D:9      | Noticed Zigma's ghost (novice DrMo)
  8408 | D:9      | Identified the +3 dagger of the Morning {speed, rC+}
  8542 | D:9      | Killed Zigma's ghost
  8572 | D:10     | Entered Level 10 of the Dungeon
  8572 | D:10     | Noticed Josephine
  8601 | D:10     | Killed Josephine
  8602 | D:10     | Reached skill level 12 in Axes
  8611 | D:10     | Slain by a komodo dragon

Illustrated notes

Levels and vault maps discovered:
D:1:      dpeg_arrival_round_c, layout_basic, serial_shops,
          nicolae_shop_just_a_little_nook, shop, shop
D:2:      layout_basic, basic_altar, nicolae_the_louvre
D:3:      layout_basic, gammafunk_ghost_necromancy,
          ebering_dispersal_statue_hall
D:4:      layout_layer_cave, mainiacjoe_overflow_six_doors_small,
          gammafunk_ghost_smash, serial_park_tiny_2, grunt_decor_junction,
          chequers_decorated_corner, uniq_crazy_yiuf_cottage
D:5:      layout_basic, lemuel_tele_altar, nicolae_qazlal_beasts_of_the_sky,
          minitemple, minmay_temple_entry_slanted, serial_shops, shop_fountains,
          kennysheep_generic_room_5
D:6:      layout_cave_pods
D:7:      layout_cave_pools, minmay_increasing_density, uniq_duvessa,
          uniq_pikel, uniq_maggie, uniq_joseph
D:8:      layout_loops_cross, uniq_maurice
D:9:      layout_basic, ebering_ghost_disaster_area
D:10:     layout_basic, mainiacjoe_overflow_alcove_2,
          chequers_temple_overflow_minitemple, erik_lair_orcish_takeover,
          uniq_josephine, uniq_erolcha

Skill      XL: |  1  2  3  4  5  6  7  8  9 10 11 |
---------------+----------------------------------+-----
Axes           | 3 4 5 6 7 9 11 12 | 12.1
Fighting       | 4 5 6 7 10 11 | 11.3
Dodging        | 2 3 4 |  4.7
Armour         | 3 4 6 7 8 |  8.1
Stealth        | 1 2 |  2.4

Action                     |  1- 3 |  4- 6 |  7- 9 | 10-12 || total
---------------------------+-------+-------+-------+-------++-------
  Melee: Hand axe          |    85 |   149 |    72 |       ||   306
         Broad axe         |       |       |   185 |   273 ||   458
         Punch             |       |       |     5 |     2 ||     7
 Invoke: Berserk           |     2 |     3 |     9 |     7 ||    21
         Trog's Hand       |       |     2 |     6 |     7 ||    15
    Use: Scroll            |       |     6 |     7 |     7 ||    20
         Potion            |       |       |     3 |       ||     3
   Stab: Sleeping          |     1 |       |       |     1 ||     2
 Armour: Animal skin       |    56 |       |       |       ||    56
         Ring mail         |     5 |    73 |    28 |       ||   106
         Chain mail        |       |       |   192 |       ||   192
         Acid dragon scale |       |       |     2 |   176 ||   178
  Dodge: Dodged            |    56 |   105 |   161 |   215 ||   537

Table legend: (Time is in decaauts)
 A = Elapsed time spent in this place.
 B = Non-inter-level travel time spent in this place.
 C = Inter-level travel time spent in this place.
 D = Time resting spent in this place.
 E = Time spent auto-exploring this place.
 F = Levels seen in this place.
 G = Mean time per level.
                   A        B        C        D        E       F      G
               +--------+--------+--------+--------+--------+-----+--------+
         Total |   8874 |   8552 |    322 |    295 |   6389 |  10 |  887.4 |
       Dungeon |   8874 |   8552 |    322 |    295 |   6389 |  10 |  887.4 |
               +--------+--------+--------+--------+--------+-----+--------+

Top non-repeatable levels by time:
     D:4: 1721 daAuts
     D:6: 1043 daAuts
     D:8: 969 daAuts
     D:7: 966 daAuts
     D:3: 935 daAuts
     D:9: 927 daAuts
     D:5: 886 daAuts
     D:1: 780 daAuts
     D:2: 622 daAuts
    D:10: 22 daAuts
